 Dungeon Crawl Stone Soup version 0.29-a0-617-g7a6b98fccd (console) character file.

Game seed: 13439846858030390925

1579 om the Carver (level 8, -2/55 (60) HPs)
             Began as a Merfolk Berserker on June 17, 2022.
             Was a Believer of Trog.
             Slain by a wight
             ... wielding a +4 scimitar
              (7 damage)
             ... on level 7 of the Dungeon.
             The game lasted 00:10:34 (7150 turns).

om the Carver (Merfolk Berserker)                   Turns: 7150, Time: 00:10:35

HP:   -2/55 (60)    AC:  4    Str: 18    XL:     8   Next: 91%
MP:   8/8           EV: 14    Int:  6    God:    Trog [**....]
Gold: 275           SH:  0    Dex: 15    Spells: 7/7 levels left

rFire   . . .      SeeInvis +   a - +0 falchion
rCold   . . .      Faith    .   (no shield)
rNeg    . . .      Spirit   .   h - +0 leather armour {rPois}
rPois   +          Reflect  .   (no helmet)
rElec   .          Harm     .   y - +0 cloak
rCorr   .          Rampage  .   (no gloves)
Will    .....                   (no boots)
Stlth   +.........              e - amulet of the acrobat
HPRegen 0.18/turn               u - ring of see invisible
MPRegen 0.11/turn               (no ring)

@: on berserk cooldown, flying, slowed, drained, very slow
A: (nimble swimmer 2), mertail
a: Renounce Religion, Berserk, Trog's Hand


You were on level 7 of the Dungeon.
You worshipped Trog.
Trog was pleased with you.
You visited 1 branch of the dungeon, and saw 7 of its levels.

You collected 275 gold pieces.

Inventory:

Hand Weapons
 a - a +0 falchion (weapon)
 s - a +2 short sword of holy wrath
Armour
 h - a +0 leather armour of poison resistance (worn)
 y - a +0 cloak (worn)
Jewellery
 e - an amulet of the acrobat (around neck)
 u - a ring of see invisible (left hand)
Wands
 l - a wand of charming (12)
 n - a wand of iceblast (12)
 w - a wand of flame (36)
 B - a wand of acid (6)
Scrolls
 d - a scroll of fear
 f - a scroll of noise {unknown}
 g - a scroll of enchant armour {unknown}
 i - a scroll of poison
 k - 3 scrolls of teleportation
 m - a scroll of magic mapping {unknown}
 o - a scroll of fog {unknown}
 t - 2 scrolls of silence
 v - 2 scrolls of vulnerability
 x - a scroll of immolation {unknown}
 z - a scroll of brand weapon {unknown}
 A - 2 scrolls of identify
Potions
 b - a potion of might
 c - 2 potions of magic
 j - a potion of heal wounds {unknown}
 p - a potion of curing {unknown}
 r - a potion of resistance


   Skills:
 + Level 4.1 Fighting
 - Level 10.0 Long Blades
 - Level 5.0 Armour
 * Level 5.4 Dodging


You had 7 spell levels left.
You didn't know any spells.
Your spell library was empty.

Dungeon Overview and Level Annotations

Branches:
Dungeon (7/15)
 Temple: D:4-7

Altars:
Yredelemnul


Innate Abilities, Weirdness & Mutations

((You are very nimble when in or above water. (Stealth+, EV+, Speed+++)))
Your lower body shifts to a powerful aquatic tail in water.


Message History

The wight is heavily damaged.
The wight closely misses you. The wight completely misses you.
The kobold barely misses you.
You barely miss the wight.
The wight is heavily damaged.
You closely miss the wight.
The wight is heavily damaged.
The wight hits you from afar with a +0 halberd.
You feel drained. The wight barely misses you. The kobold barely misses you.
You slash the wight!
The wight is almost destroyed.
You closely miss the kobold.
You are no longer berserk.
You are exhausted.
You feel yourself slow down. The wight barely misses you. The wight misses you.
The kobold barely misses you. The kobold completely misses you.
The kobold hits you but does no damage. The wight completely misses you.
The kobold barely misses you. The kobold attacks as you move away!
The kobold misses you. The wight completely misses you. The kobold misses you.
There is an escape hatch in the floor here.
The wight misses you. The kobold hits you but does no damage.
The wight hits you with a +0 dagger!
You feel drained.
You slide downwards.
The hatch slams shut behind you.
You hear the roar of battle.
There is an entrance to a bailey on this level.
Hurry and find it before the portal closes forever!
Found a falchion.
Found a stone staircase leading up.
You closely miss the wight. The wight closely misses you.
The kobold hits you but does no damage. The wight closely misses you.
You hit the wight but do no damage. The kobold barely misses you.
The wight hits you with a +0 dagger. The wight closely misses you.
The wight hits you with a +4 scimitar.
You feel drained. The wight closely misses you. The kobold barely misses you.
You closely miss the wight. The wight barely misses you.
The wight hits you with a +4 scimitar!
* * * LOW HITPOINT WARNING * * *
You feel drained. The kobold closely misses you.
You hit the wight.
The wight is moderately damaged.
The wight barely misses you. The wight hits you with a +0 dagger.
* * * LOW HITPOINT WARNING * * *
You feel drained. The kobold misses you.
It was a potion of flight.
You feel very buoyant.
You fly up into the air.
The kobold hits you with a +0 club.
* * * LOW HITPOINT WARNING * * *
The wight barely misses you. The wight misses you.
The wight hits you with a +4 scimitar!
You die...

..# ..#
..# ..#
).# .<#
.#######z#
......z@K#
##########


You could see 2 wights and a kobold.

Vanquished Creatures
  An ice beast (D:6)
  A sky beast (D:6)
  A centaur (D:5)
  2 ogres (D:5)
  3 phantoms (D:5)
  2 bullfrogs
  2 kobold brigands (D:6)
  A wight (D:6)
  A howler monkey (D:6)
  Crazy Yiuf (D:3)
  A hound (D:5)
  3 jellies (D:5)
  2 orc priests
  A gnoll shaman (D:5)
  An iguana (D:4)
  3 orc wizards
  3 gnolls (D:5)
  8 adders
  2 shadow imps (D:6)
  3 worms
  22 orcs
  3 ball pythons
  5 bats
  4 endoplasms
  2 giant cockroaches (D:2)
  7 goblins
  12 hobgoblins
  4 jackals (D:1)
  18 kobolds
  3 quokkas
  4 frilled lizards
  8 rats
134 creatures vanquished.

Notes
Turn   | Place    | Note
-------+----------+-------------------------------------------
     0 | D:1      | om the Merfolk Berserker began the quest for the Orb.
     0 | D:1      | Reached XP level 1. HP: 18/18 MP: 1/1
   234 | D:1      | Reached XP level 2. HP: 18/24 MP: 2/2
   546 | D:1      | Reached skill level 4 in Long Blades
  1427 | D:2      | Reached XP level 3. HP: 27/29 MP: 3/3
  1818 | D:2      | Reached XP level 4. HP: 32/37 MP: 4/4
  2205 | D:3      | Reached ** piety under Trog
  2376 | D:3      | Found a basalt altar of Yredelemnul.
  2991 | D:3      | Found a runed translucent door.
  2992 | D:3      | Noticed Crazy Yiuf
  2999 | D:3      | Killed Crazy Yiuf
  3000 | D:3      | Reached skill level 5 in Long Blades
  3000 | D:3      | Reached XP level 5. HP: 42/42 MP: 5/5
  3207 | D:4      | You fall into a shaft and drop 2 floors!
  3258 | D:6      | Noticed a sky beast
  3270 | D:6      | Killed a sky beast
  3271 | D:6      | Reached XP level 6. HP: 48/48 MP: 6/6
  3348 | D:6      | Reached skill level 6 in Long Blades
  3369 | D:6      | Reached skill level 5 in Dodging
  3382 | D:6      | HP: 1/48 [orc/+0 hand axe (4)]
  3855 | D:5      | Entered Level 5 of the Dungeon
  3883 | D:5      | Reached XP level 7. HP: 45/54 MP: 7/7
  3889 | D:5      | Reached skill level 7 in Long Blades
  4739 | D:5      | Reached skill level 8 in Long Blades
  5182 | D:4      | Reached XP level 8. HP: 11/60 MP: 8/8
  6535 | D:5      | Reached skill level 5 in Armour
  6613 | D:5      | Reached skill level 9 in Long Blades
  7126 | D:6      | Reached skill level 10 in Long Blades
  7150 | D:7      | Slain by a wight

Illustrated notes

Levels and vault maps discovered:
D:1:      tarquinn_simple_flora_water_c, layout_basic
D:2:      layout_rooms, minmay_heptomino_d4
D:3:      layout_loops_ring, general_overflow_altar, roderic_serpentine_path,
          uniq_crazy_yiuf_cottage
D:4:      layout_basic
D:5:      layout_basic
D:6:      layout_loops_cross
D:7:      layout_loops_ring, minmay_temple_entry_statues_fountains,
          enter_bailey_3, serial_shops, shop_statue,
          nicolae_shop_overgrown_old_shop, uniq_joseph

Skill      XL: |  1  2  3  4  5  6  7  8 |
---------------+-------------------------+-----
Long Blades    | 4 5 6 8 10 | 10.0
Dodging        | 3 4 5 |  5.4
Armour         | 2 4 5 |  5.0
Fighting       | 4 |  4.1

Action                   |  1- 3 |  4- 6 |  7- 9 || total
-------------------------+-------+-------+-------++-------
Melee: Falchion          |   111 |   175 |   252 ||   538
       Punch             |       |     4 |     2 ||     6
Invok: Berserk           |     1 |     3 |     9 ||    13
  Use: Scroll            |       |     4 |     5 ||     9
       Potion            |       |       |     2 ||     2
 Stab: Sleeping          |       |     1 |     1 ||     2
       Distracted        |       |     1 |       ||     1
Armor: Animal skin       |     7 |       |       ||     7
       Leather armour    |     9 |    38 |    34 ||    81
Dodge: Dodged            |    75 |   118 |   188 ||   381

Table legend: (Time is in decaauts)
 A = Elapsed time spent in this place.
 B = Non-inter-level travel time spent in this place.
 C = Inter-level travel time spent in this place.
 D = Time resting spent in this place.
 E = Time spent auto-exploring this place.
 F = Levels seen in this place.
 G = Mean time per level.
                   A        B        C        D        E       F      G
               +--------+--------+--------+--------+--------+-----+--------+
         Total |   7250 |   7021 |    229 |   1288 |   4593 |   7 | 1035.7 |
       Dungeon |   7250 |   7021 |    229 |   1288 |   4593 |   7 | 1035.7 |
               +--------+--------+--------+--------+--------+-----+--------+

Top non-repeatable levels by time:
     D:5: 1740 daAuts
     D:1: 1428 daAuts
     D:3: 1193 daAuts
     D:6: 1083 daAuts
     D:4: 1060 daAuts
     D:2: 737 daAuts
     D:7: 5 daAuts
